| TOP OF THE 1ST |
|
Burlington Bees batting - Pitching for Lexington Legends : RHP Paul Gibbens
|
|
Pitching: RHP Paul Gibbens
|
|
|
Batting: RHB Ivan Barrientos
|
0-0: Ball 1-0: Swinging Strike 1-1: Foul Ball, location: 2F 1-2: Strikes out swinging
|
|
Batting: RHB Scott Webb
|
0-0: Fly out, F8 (Flyball, 89XD, EV 102.5 MPH)
|
|
Batting: RHB Peter Westover
|
0-0: SINGLE (Groundball, 13S, EV 70.6 MPH) (infield hit)
|
|
Batting: SHB Danny Gelinas
|
0-0: Ball 1-0: Called Strike Peter Westover steals 2nd, throwing error, E2 Peter Westover to third 1-1: Foul Ball, location: 2F 1-2: Ball 2-2: Strikes out swinging
|
| Top of the 1st over - 0 runs, 1 hit, 1 error, 1 left on base; Burlington 0 - Lexington 0 |
| BOTTOM OF THE 1ST |
|
Lexington Legends batting - Pitching for Burlington Bees : RHP Jon Trujillo
|
|
Pitching: RHP Jon Trujillo
|
|
|
Batting: LHB Efrem Isaev
|
0-0: Ball 1-0: Foul Ball, location: 2F 1-1: Ball 2-1: Fly out, F8 (Flyball, 8RD, EV 100.6 MPH)
|
|
Batting: RHB Nate De Jongh
|
0-0: Called Strike 0-1: Ground out 6-3 (Groundball, 6, EV 87.5 MPH)
|
|
Batting: RHB Jon Griffin
|
0-0: Called Strike 0-1: Foul Ball, location: 2F 0-2: Ground out 5-3 (Groundball, 56, EV 79.4 MPH)
|
| Bottom of the 1st over - 0 runs, 0 hits, 0 errors, 0 left on base; Burlington 0 - Lexington 0 |
| TOP OF THE 2ND |
|
Burlington Bees batting - Pitching for Lexington Legends : RHP Paul Gibbens
|
|
Batting: RHB Rory Cobb
|
0-0: Ball 1-0: Ball 2-0: Swinging Strike 2-1: Ball 3-1: Fly out, F8 (Flyball, 8RS, EV 81.9 MPH)
|
|
Batting: RHB Dan Myers
|
0-0: Foul Ball, location: 2F 0-1: Ball 1-1: Ball 2-1: Ground out 6-3 (Groundball, 56, EV 84.4 MPH)
|
|
Batting: LHB Mario Anguiano
|
0-0: Called Strike 0-1: Ball 1-1: Reached on error, E4 (Flyball, 4D, EV 89.4 MPH)
|
|
Batting: SHB David Vigo
|
0-0: Called Strike 0-1: Ball 1-1: Called Strike 1-2: Ball 2-2: Strikes out looking
|
| Top of the 2nd over - 0 runs, 0 hits, 1 error, 1 left on base; Burlington 0 - Lexington 0 |
| BOTTOM OF THE 2ND |
|
Lexington Legends batting - Pitching for Burlington Bees : RHP Jon Trujillo
|
|
Batting: RHB Chang-keun Baik
|
0-0: Ball 1-0: Foul Ball, location: 2F 1-1: Swinging Strike 1-2: Ball 2-2: Foul Ball, location: 2F 2-2: Ground out 5-3 (Groundball, 56, EV 89.4 MPH)
|
|
Batting: LHB Mike Bhatti
|
0-0: Called Strike 0-1: Called Strike 0-2: SINGLE (Groundball, 4MD, EV 96.9 MPH)
|
|
Batting: RHB Carlos Almada
|
0-0: Ball 1-0: Called Strike 1-1: Ball 2-1: SINGLE (Flyball, 5D, EV 90.6 MPH) Mike Bhatti to second
|
|
Batting: LHB Shohei Nishi
|
0-0: Ball 1-0: Fielders Choice at 2nd, 6-4 (Groundball, 6, EV 101.2 MPH) Mike Bhatti to third
|
|
Batting: RHB Mike Bearden
|
0-0: Swinging Strike 0-1: Fielders Choice at 2nd, 6-4 (Groundball, 6, EV 93.1 MPH)
|
| Bottom of the 2nd over - 0 runs, 2 hits, 0 errors, 2 left on base; Burlington 0 - Lexington 0 |
| TOP OF THE 3RD |
|
Burlington Bees batting - Pitching for Lexington Legends : RHP Paul Gibbens
|
|
Batting: LHB Edgar van der Meeren
|
0-0: Called Strike 0-1: Foul Ball, location: 2F 0-2: Ball 1-2: Ball 2-2: Strikes out swinging
|
|
Batting: RHB Ivan Barrientos
|
0-0: Ball 1-0: Called Strike 1-1: Called Strike 1-2: Ball 2-2: Foul Ball, location: 2F 2-2: Ball 3-2: Fly out, F5 (Line Drive, 5, EV 76.2 MPH)
|
|
Batting: RHB Scott Webb
|
0-0: Foul Ball, location: 2F 0-1: DOUBLE (Line Drive, 89D, EV 105.6 MPH)
|
|
Batting: RHB Peter Westover
|
0-0: Called Strike 0-1: Ball 1-1: Called Strike 1-2: Ball 2-2: Ball 3-2: Foul Ball, location: 2F 3-2: SINGLE (Groundball, 56, EV 100.6 MPH) (infield hit) Scott Webb to third
|
|
Batting: SHB Danny Gelinas
|
0-0: Ball 1-0: Ball 2-0: Ball 3-0: Base on Balls Peter Westover to second
|
|
Batting: RHB Rory Cobb
|
0-0: Called Strike 0-1: Ball 1-1: Ball 2-1: Ground out 4-3 (Groundball, 34, EV 80.6 MPH)
|
| Top of the 3rd over - 0 runs, 2 hits, 0 errors, 3 left on base; Burlington 0 - Lexington 0 |
| BOTTOM OF THE 3RD |
|
Lexington Legends batting - Pitching for Burlington Bees : RHP Jon Trujillo
|
|
Batting: RHB David Rubio
|
0-0: Called Strike 0-1: Ball 1-1: TRIPLE (Flyball, 78XD, EV 98.1 MPH)
|
|
Batting: LHB Efrem Isaev
|
0-0: Ball 1-0: SINGLE (Line Drive, 5D, EV 103.8 MPH) David Rubio scores
|
|
Batting: RHB Nate De Jongh
|
0-0: Ball Efrem Isaev is caught stealing 2nd base 2-4 1-0: Fly out, F8 (Flyball, 8RD, EV 94.4 MPH)
|
|
Batting: RHB Jon Griffin
|
0-0: Fly out, F8 (Flyball, 8LD, EV 93.8 MPH)
|
| Bottom of the 3rd over - 1 run, 2 hits, 0 errors, 0 left on base; Burlington 0 - Lexington 1 |
| TOP OF THE 4TH |
|
Burlington Bees batting - Pitching for Lexington Legends : RHP Paul Gibbens
|
|
Batting: RHB Dan Myers
|
0-0: Ball 1-0: Called Strike 1-1: Ball 2-1: Foul Ball, location: 2F 2-2: Ground out 4-3 (Groundball, 4, EV 85.0 MPH)
|
|
Batting: LHB Mario Anguiano
|
0-0: SOLO HOME RUN (Flyball, 9D, EV 93.1 MPH), Distance : 365 ft
|
|
Batting: SHB David Vigo
|
0-0: Ball 1-0: Called Strike 1-1: Foul Ball, location: 2F 1-2: Foul Ball, location: 2F 1-2: SINGLE (Line Drive, 6M, EV 110.0 MPH)
|
|
Batting: LHB Edgar van der Meeren
|
0-0: Called Strike 0-1: Called Strike David Vigo steals 2nd base 0-2: Ground out 4-3 (Groundball, 34D, EV 101.2 MPH) David Vigo to third
|
|
Batting: RHB Ivan Barrientos
|
0-0: Ball 1-0: Ball 2-0: Called Strike 2-1: Called Strike 2-2: Ball 3-2: Fly out, F8 (Flyball, 8RXD, EV 103.1 MPH)
|
| Top of the 4th over - 1 run, 2 hits, 0 errors, 1 left on base; Burlington 1 - Lexington 1 |
| BOTTOM OF THE 4TH |
|
Lexington Legends batting - Pitching for Burlington Bees : RHP Jon Trujillo
|
|
Batting: RHB Chang-keun Baik
|
0-0: Ball 1-0: Ball 2-0: Called Strike 2-1: Swinging Strike 2-2: Foul Ball, location: 2F 2-2: Foul Ball, location: 2F 2-2: Foul Ball, location: 2F 2-2: Strikes out swinging
|
|
Batting: LHB Mike Bhatti
|
0-0: Ball 1-0: Ball 2-0: Swinging Strike 2-1: Ball 3-1: Ground out 5-3 (Groundball, 5, EV 83.1 MPH)
|
|
Batting: RHB Carlos Almada
|
0-0: Ball 1-0: Ball 2-0: Swinging Strike 2-1: Ball 3-1: Base on Balls
|
|
Batting: LHB Shohei Nishi
|
0-0: Ball Wild Pitch! Carlos Almada to second 1-0: Ball 2-0: Ball 3-0: Called Strike 3-1: Called Strike 3-2: SINGLE (Groundball, 25, EV 63.8 MPH) (infield hit) Carlos Almada to third
|
|
Batting: RHB Mike Bearden
|
0-0: Ball 1-0: Swinging Strike 1-1: Swinging Strike 1-2: Ball 2-2: Ball 3-2: Fly out, F3 (Popup, 34S, EV 77.5 MPH)
|
| Bottom of the 4th over - 0 runs, 1 hit, 0 errors, 2 left on base; Burlington 1 - Lexington 1 |
| TOP OF THE 5TH |
|
Burlington Bees batting - Pitching for Lexington Legends : RHP Paul Gibbens
|
|
Batting: RHB Scott Webb
|
0-0: Ball 1-0: SINGLE (Groundball, 56D, EV 105.6 MPH)
|
|
Batting: RHB Peter Westover
|
0-0: Ball 1-0: Ball 2-0: Ball 3-0: Called Strike 3-1: Swinging Strike 3-2: Foul Ball, location: 2F 3-2: Foul Ball, location: 2F 3-2: Strikes out swinging
|
|
Pitching: RHP Omar Flores
|
|
|
Batting: SHB Danny Gelinas
|
0-0: Ball Scott Webb steals 2nd base 1-0: Ball 2-0: Foul Ball, location: 2F 2-1: Ground out 4-3 (Groundball, 4, EV 83.8 MPH) Scott Webb to third
|
|
Batting: RHB Rory Cobb
|
0-0: Called Strike 0-1: Called Strike 0-2: Ball 1-2: Foul Ball, location: 2F 1-2: Ball 2-2: Strikes out looking
|
| Top of the 5th over - 0 runs, 1 hit, 0 errors, 1 left on base; Burlington 1 - Lexington 1 |
| BOTTOM OF THE 5TH |
|
Lexington Legends batting - Pitching for Burlington Bees : RHP Jon Trujillo
|
|
Batting: RHB David Rubio
|
0-0: SINGLE (Line Drive, 7S, EV 85.0 MPH)
|
|
Batting: LHB Efrem Isaev
|
0-0: Fielders Choice at 2nd, 2-6 (Groundball, 2R, EV 70.6 MPH)
|
|
Batting: RHB Nate De Jongh
|
0-0: Called Strike 0-1: Called Strike 0-2: Strikes out looking
|
|
Batting: RHB Jon Griffin
|
0-0: Called Strike 0-1: Ball 1-1: Called Strike Efrem Isaev is caught stealing 2nd base 2-4
|
| Bottom of the 5th over - 0 runs, 1 hit, 0 errors, 0 left on base; Burlington 1 - Lexington 1 |
| TOP OF THE 6TH |
|
Burlington Bees batting - Pitching for Lexington Legends : RHP Omar Flores
|
|
Batting: RHB Dan Myers
|
0-0: Ground out 5-3 (Groundball, 56S, EV 70.6 MPH)
|
|
Batting: LHB Mario Anguiano
|
0-0: Foul Ball, location: 2F 0-1: SOLO HOME RUN (Flyball, 9LD, EV 91.9 MPH), Distance : 339 ft
|
|
Batting: SHB David Vigo
|
0-0: Ball 1-0: Ground out 4-3 (Groundball, 4, EV 83.8 MPH)
|
|
Batting: LHB Edgar van der Meeren
|
0-0: Called Strike 0-1: Swinging Strike 0-2: Ball 1-2: Ball 2-2: Foul Ball, location: 2F 2-2: Strikes out looking
|
| Top of the 6th over - 1 run, 1 hit, 0 errors, 0 left on base; Burlington 2 - Lexington 1 |
| BOTTOM OF THE 6TH |
|
Lexington Legends batting - Pitching for Burlington Bees : RHP Jon Trujillo
|
|
Batting: RHB Jon Griffin
|
0-0: Ball 1-0: Foul Ball, location: 2F 1-1: Called Strike 1-2: SOLO HOME RUN (Flyball, 7D, EV 99.4 MPH), Distance : 368 ft
|
|
Batting: RHB Chang-keun Baik
|
0-0: Swinging Strike 0-1: Ball 1-1: Foul Ball, location: 2F 1-2: Ball 2-2: SINGLE (Line Drive, 9LS, EV 99.4 MPH)
|
|
Batting: LHB Mike Bhatti
|
0-0: Called Strike 0-1: Swinging Strike 0-2: Foul Ball, location: 2F 0-2: Strikes out swinging
|
|
Batting: RHB Carlos Almada
|
0-0: Foul Ball, location: 2F 0-1: Ball 1-1: Reached on error, E9 (Flyball, 89D, EV 100.6 MPH) Chang-keun Baik to third
|
|
Batting: LHB Shohei Nishi
|
0-0: Ball 1-0: Called Strike 1-1: Ball 2-1: Ball 3-1: Foul Ball, location: 2F 3-2: Base on Balls
|
|
Pitching: RHP Devin Spears
|
|
|
Batting: RHB Mike Bearden
|
0-0: Ball 1-0: Swinging Strike 1-1: Ball 2-1: Swinging Strike 2-2: Foul Ball, location: 2F 2-2: Strikes out swinging
|
|
Batting: RHB David Rubio
|
0-0: Called Strike 0-1: Ball 1-1: Fly out, F6 (Line Drive, 6M, EV 85.0 MPH)
|
| Bottom of the 6th over - 1 run, 2 hits, 1 error, 3 left on base; Burlington 2 - Lexington 2 |
| TOP OF THE 7TH |
|
Burlington Bees batting - Pitching for Lexington Legends : RHP Omar Flores
|
|
Pitching: RHP Billy Emerson
|
|
|
Batting: RHB Ivan Barrientos
|
0-0: Ball 1-0: Ground out 5-3 (Groundball, 56S, EV 81.2 MPH)
|
|
Batting: RHB Scott Webb
|
0-0: Ball 1-0: SINGLE (Groundball, 2L, EV 76.9 MPH) (infield hit)
|
|
Batting: RHB Peter Westover
|
0-0: Ball 1-0: Ball 2-0: Ball 3-0: Called Strike 3-1: Base on Balls Scott Webb to second
|
|
Batting: SHB Danny Gelinas
|
0-0: Called Strike 0-1: Ball 1-1: Ball 2-1: Fielders Choice at 2nd, 4-6 (Groundball, 34, EV 106.2 MPH) Scott Webb to third
|
|
Batting: RHB Rory Cobb
|
0-0: Called Strike 0-1: Called Strike 0-2: Strikes out looking
|
| Top of the 7th over - 0 runs, 1 hit, 0 errors, 2 left on base; Burlington 2 - Lexington 2 |
| BOTTOM OF THE 7TH |
|
Lexington Legends batting - Pitching for Burlington Bees : RHP Devin Spears
|
|
Batting: LHB Efrem Isaev
|
0-0: Called Strike 0-1: Ball 1-1: Ball 2-1: Called Strike 2-2: Foul Ball, location: 2F 2-2: Fly out, F5 (Popup, 5, EV 72.5 MPH)
|
|
Batting: RHB Nate De Jongh
|
0-0: Ball 1-0: Ground out 4-3 (Groundball, 4, EV 82.5 MPH)
|
|
Batting: RHB Jon Griffin
|
0-0: Ball 1-0: Foul Ball, location: 2F 1-1: Swinging Strike 1-2: Ball 2-2: Strikes out swinging
|
| Bottom of the 7th over - 0 runs, 0 hits, 0 errors, 0 left on base; Burlington 2 - Lexington 2 |
| TOP OF THE 8TH |
|
Burlington Bees batting - Pitching for Lexington Legends : RHP Billy Emerson
|
|
Pitching: RHP Brian Hunt
|
|
|
Batting: RHB Dan Myers
|
0-0: Ball 1-0: Ground out 1-3 (Groundball, P, EV 66.2 MPH)
|
|
Batting: LHB Mario Anguiano
|
0-0: Ball 1-0: Swinging Strike 1-1: Ball 2-1: Called Strike 2-2: Strikes out swinging
|
|
Batting: SHB David Vigo
|
0-0: Called Strike 0-1: Called Strike 0-2: Foul Ball, location: 2F 0-2: Ball 1-2: Strikes out swinging
|
| Top of the 8th over - 0 runs, 0 hits, 0 errors, 0 left on base; Burlington 2 - Lexington 2 |
| BOTTOM OF THE 8TH |
|
Lexington Legends batting - Pitching for Burlington Bees : RHP Devin Spears
|
|
Pitching: RHP Tim Mumpower
|
|
|
Batting: RHB Chang-keun Baik
|
0-0: Ball 1-0: Ball 2-0: Swinging Strike 2-1: Foul Ball, location: 2F 2-2: Foul Ball, location: 2F 2-2: Foul Ball, location: 2F 2-2: Strikes out looking
|
|
Batting: LHB Mike Bhatti
|
0-0: Foul Ball, location: 2F 0-1: Ground out 3-1 (Groundball, 34, EV 91.9 MPH)
|
|
Batting: RHB Carlos Almada
|
0-0: Ball 1-0: Foul Ball, location: 2F 1-1: Ball 2-1: Ground out 5-3 (Groundball, 5, EV 83.8 MPH)
|
| Bottom of the 8th over - 0 runs, 0 hits, 0 errors, 0 left on base; Burlington 2 - Lexington 2 |
| TOP OF THE 9TH |
|
Burlington Bees batting - Pitching for Lexington Legends : RHP Brian Hunt
|
|
Batting: LHB Edgar van der Meeren
|
0-0: Swinging Strike 0-1: Ball 1-1: Ground out 5-3 (Groundball, 6, EV 88.8 MPH)
|
|
Batting: RHB Ivan Barrientos
|
0-0: Ball 1-0: Ball 2-0: Swinging Strike 2-1: Foul Ball, location: 2F 2-2: Ball 3-2: SINGLE (Groundball, 6MD, EV 98.8 MPH)
|
|
Pinch Hitting: LHB Ramon Garduno
|
0-0: Called Strike Ivan Barrientos steals 2nd base 0-1: Ball Ivan Barrientos steals 3rd base 1-1: Swinging Strike 1-2: Strikes out swinging
|
|
Batting: RHB Peter Westover
|
0-0: Foul Ball, location: 2F 0-1: Ball 1-1: Ball 2-1: Foul Ball, location: 2F 2-2: Ground out 5-3 (Groundball, 5L, EV 102.5 MPH)
|
| Top of the 9th over - 0 runs, 1 hit, 0 errors, 1 left on base; Burlington 2 - Lexington 2 |
| BOTTOM OF THE 9TH |
|
Lexington Legends batting - Pitching for Burlington Bees : RHP Tim Mumpower
|
|
Now at 2B: Tim Connell
|
|
|
Batting: LHB Shohei Nishi
|
0-0: Ground out 5-3 (Groundball, 56, EV 80.6 MPH)
|
|
Pinch Hitting: LHB Joe Cozart
|
0-0: Called Strike 0-1: Called Strike 0-2: Strikes out looking
|
|
Batting: RHB David Rubio
|
0-0: Ball 1-0: Foul Ball, location: 2F 1-1: Foul Ball, location: 2F 1-2: Strikes out looking
|
| Bottom of the 9th over - 0 runs, 0 hits, 0 errors, 0 left on base; Burlington 2 - Lexington 2 |
| TOP OF THE 10TH |
|
Burlington Bees batting - Pitching for Lexington Legends : RHP Brian Hunt
|
|
Pitching: RHP John Barnett
|
|
|
Now in LF: Jayden Pelayo
|
|
|
Batting: SHB Danny Gelinas
|
0-0: Called Strike 0-1: Foul Ball, location: 2F 0-2: Ball 1-2: Strikes out swinging
|
|
Batting: RHB Rory Cobb
|
0-0: Ground out 4-3 (Groundball, 4S, EV 66.2 MPH)
|
|
Batting: RHB Dan Myers
|
0-0: Called Strike 0-1: Ball 1-1: Ground out 3-1 (Groundball, 34S, EV 84.4 MPH)
|
| Top of the 10th over - 0 runs, 0 hits, 0 errors, 0 left on base; Burlington 2 - Lexington 2 |
| BOTTOM OF THE 10TH |
|
Lexington Legends batting - Pitching for Burlington Bees : RHP Tim Mumpower
|
|
Batting: LHB Efrem Isaev
|
0-0: Ball 1-0: Called Strike 1-1: Ball 2-1: Ball 3-1: Foul Ball, location: 2F 3-2: Foul Ball, location: 2F 3-2: Base on Balls
|
|
Batting: RHB Nate De Jongh
|
0-0: Ball Efrem Isaev steals 2nd base 1-0: DOUBLE (Flyball, 78XD, EV 108.1 MPH) Efrem Isaev scores
|
| Bottom of the 10th over - 1 run, 1 hit, 0 errors, 1 left on base; Burlington 2 - Lexington 3 |
|